 Dungeon Crawl Stone Soup version 0.20.1-1-g8b1a95d (webtiles) character file.

66 digijack the Chiller (level 3, -4/29 HPs)
             Began as a Demigod Wanderer on Nov 5, 2017.
             Slain by Crazy Yiuf
             ... wielding a +4 quarterstaff of chaos
              (11 damage)
             ... on level 2 of the Dungeon.
             The game lasted 00:20:23 (2532 turns).

digijack the Chiller (Demigod Wanderer)             Turns: 2532, Time: 00:20:24

Health: -4/29      AC:  2    Str: 16 (19) XL:     3   Next: 69%
Magic:  0/7        EV: 11    Int: 17 (18) God:
Gold:   72         SH:  0    Dex: 12 (14) Spells: 1/4 levels left

rFire    . . .     SeeInvis .   f - +0 dagger
rCold    . . .     Gourm    .   (no shield)
rNeg     . . .     Faith    .   d - +0 robe
rPois    .         Spirit   .   (no helmet)
rElec    .         Reflect  .   (no cloak)
rCorr    .         Harm     .   (no gloves)
MR       .....                  (no boots)
Stlth    ++........             (no amulet)
Regen    0.1/turn               i - +3 ring of strength
MPRegen  0.1/turn               (no ring)

@: hasted, very quick
A: high mp 1
a: no special abilities


You were on level 2 of the Dungeon.
You were not hungry.

You visited 1 branch of the dungeon, and saw 2 of its levels.

You collected 72 gold pieces.

Inventory:

Hand Weapons
 f - a +0 dagger (weapon)
Missiles
 e - 63 stones (quivered)
Armour
 d - a +0 robe (worn)
Jewellery
 i - a +3 ring of strength (left hand)
Wands
 k - a wand of iceblast (3/15)
Scrolls
 l - a scroll of identify
 o - a scroll of remove curse
 p - a scroll of teleportation
Potions
 g - a potion of flight
 h - a potion of curing
 j - a potion of agility
Books
 a - a book of Frost

   Spells                             Type                      Level
   a - Freeze                         Ice                          1
   b - Throw Frost                    Conjuration/Ice              2
   c - Ozocubu's Armour               Charms/Ice                   3
   d - Throw Icicle                   Conjuration/Ice              4
   e - Summon Ice Beast               Ice/Summoning                4
 c - Ginwisch's Volume of Feathers

   Spells                             Type                      Level
   a - Swiftness                      Charms/Air                   2
   b - Poisonous Vapours              Poison/Air                   2
Comestibles
 m - 2 fruits
 n - a bread ration


   Skills:
 + Level 2.1 Fighting
 + Level 0.3 Short Blades
   Level 1.0 Bows
 - Level 1.9 Armour
 + Level 1.0 Stealth
 - Level 0.1 Unarmed Combat
 + Level 1.4 Spellcasting
 + Level 0.3 Conjurations
 + Level 2.4 Ice Magic
   Level 1.0 Air Magic
 - Level 1.7 Evocations


You had one spell level left.
You knew the following spells:

 Your Spells              Type           Power        Failure   Level  Hunger
a - Freeze                Ice            #...         8%          1    ##.....
b - Throw Frost           Conj/Ice       #.....       17%         2    ###....


Dungeon Overview and Level Annotations

Branches:
Dungeon (2/15)

Annotations:
D:2 Crazy Yiuf


Innate Abilities, Weirdness & Mutations

You have an increased reservoir of magic. (+10% MP)


Message History

Crazy Yiuf is severely wounded.
Crazy Yiuf hits you with a quarterstaff of chaos!
* * * LOW HITPOINT WARNING * * *
You see here a mace.
You see here a mace.
Crazy Yiuf grits, "Powder!"
You see here a mace.
You see here a mace.
You see here a mace.
Crazy Yiuf grits, "Snurf mumblescurry leg!"
Casting: Freeze
Confirm with . or Enter, or press ? or * to list all spells.
Aiming: Freeze
Press: ? - help, Shift-Dir - straight line, f/p - Crazy Yiuf
Aim: Crazy Yiuf, wielding a quarterstaff of chaos and wearing a cloak (severely wounded, fast)
You freeze Crazy Yiuf.
Crazy Yiuf is almost dead.
Crazy Yiuf whimpers, "Dawk light koolooloo!"
Crazy Yiuf hits you with a quarterstaff of chaos!
You die...

#.......####.# ♣♣)♣♣
#.......# #.# ♣)PP♣♣
####....# #.# ♣.P.P♣
# #...####### #....#
# #...#...######..##
# #...#._P##.# #...#
#...#P..##.# #..##
####...##..P#.###g##
...'....#P.P#...@.#
####...........####
#...........#
#....##P.P###
#######..P## ##.PP#
#._P# #.PP# #####


You could see Crazy Yiuf.

Vanquished Creatures
  Jessica (D:2)
  2 dart slugs
  2 leopard geckos (D:1)
  2 giant cockroaches (D:1)
  5 hobgoblins
  3 jackals (D:2)
  2 bats
  A frilled lizard (D:1)
  4 goblins
  6 kobolds (D:1)
  3 rats (D:1)
  A fungus (D:2)
32 creatures vanquished.

Notes
Turn   | Place    | Note
-------+----------+-------------------------------------------
     0 | D:1      | digijack the Demigod Wanderer began the quest for the Orb.
     0 | D:1      | digijack set off with: a book of Frost, a +0 mace, Ginwisch's Volume of Feathers, a +0 robe, a bread ration
     0 | D:1      | Reached XP level 1. HP: 17/17 MP: 4/4
     2 | D:1      | Learned a level 1 spell: Freeze
   634 | D:1      | Reached XP level 2. HP: 24/24 MP: 3/6
  1126 | D:1      | Identified Ginwisch's Volume of Feathers
  1129 | D:1      | Learned a level 2 spell: Throw Frost
  1620 | D:2      | Reached XP level 3. HP: 16/29 MP: 0/7
  2084 | D:2      | Noticed Jessica
  2088 | D:2      | Killed Jessica
  2088 | D:2      | Reached skill level 1 in Stealth
  2255 | D:2      | Found a blossoming altar of Fedhas.
  2255 | D:2      | Found an ancient bone altar of Kikubaaqudgha.
  2510 | D:2      | Found a runed door.
  2514 | D:2      | Noticed Crazy Yiuf
  2532 | D:2      | Slain by Crazy Yiuf

Skill      XL: |  1  2  3 |
---------------+----------+-----
Ice Magic      | 2 |  2.4
Fighting       | 2 |  2.1
Stealth        | 1 |  1.0
Short Blades   | |  0.3
Bows           | |  1.0
Armour         | |  1.9
Unarmed Combat | |  0.1
Spellcasting   | |  1.4
Conjurations   | |  0.3
Air Magic      | |  1.0
Evocations     | |  1.7

Action                   || total
-------------------------++-------
Melee: Mace              ||     4
       Dagger            ||    50
       Short sword       ||     1
 Cast: Freeze            ||    45
       Throw Frost       ||    10
  Use: Potion            ||     5
       Scroll            ||     4
 Stab: Sleeping          ||     1
  Eat: Bread ration      ||     1
       Chunk             ||     2
       Meat ration       ||     1
Armor: Robe              ||     4
Dodge: Dodged            ||    43
